Map: Gresvan

Players

Zesty

  • Race: Zerg Zerg
  • League: Grandmaster
  • Spawn Location: 11:00

achiewakie - Winner!

  • Race: Protoss Protoss
  • League: Grandmaster
  • Spawn Location: 5:00

VOD

Have the link to the VOD?

Description

Archon Drop

Time

  • Played on: Oct. 22, 2025, 11:58 p.m.
  • Length: 16:51
Show
View Real Time Build Order
Export as new Build Order

Zesty Zerg 

Build Orders: Hatch First, Brood Lord Corruptor 

Get SALT Encoding   

  12  0:00  Drone  
  13  0:07  Drone  
  14  0:16  Extractor, Drone  
  15  0:24  Overlord  
  15  0:42  Drone  
  16  0:47  Hatchery  
  15  0:51  Drone  
  15  0:54  Drone  
  17  0:58  Drone  
  18  1:10  Extractor  
  17  1:13  Spawning Pool  
  17  1:16  Drone  
  17  1:19  Drone  
  18  1:27  Drone  
  19  1:38  Drone  
  20  1:49  Drone  
  21  2:02  Queen  
  21  2:03  Queen, Overlord  
  21  2:04  Zergling x2  
  26  2:10  Drone x2  
  26  2:13  Metabolic Boost  
  28  2:21  Zergling x2  
  29  2:23  Drone  
  30  2:33  Drone x2  
  32  2:39  Hatchery  
  31  2:47  Queen  
  33  2:52  Overlord  
  33  2:55  Drone  
  33  2:56  Zergling x2  
  33  2:57  Zergling x2  
  36  3:02  Overlord  
  36  3:11  Drone x3  
  36  3:12  Drone  
  37  3:42  Spore Crawler  
  37  3:43  Drone x3  
  37  3:45  Drone x6  
  37  3:47  Spore Crawler  
  37  3:48  Queen  
  46  3:55  Drone  
  47  3:56  Overlord  
  47  4:05  Overlord  
  45  4:12  Spore Crawler, Drone x6  
  50  4:26  Roach Warren  
  50  4:27  Drone  
  50  4:28  Drone x6  
  56  4:37  Overlord  
  56  4:38  Extractor  
  55  4:39  Drone x2  
  55  4:43  Drone x3  
  60  4:58  Drone x7  
  60  4:59  Drone  
  67  5:04  Lair  
  67  5:09  Extractor x2  
  67  5:10  Evolution Chamber  
  67  5:13  Drone x5  
  69  5:22  Roach x5  
  79  5:33  Drone x4  
  79  5:34  Overlord x4  
  81  5:44  Overlord x5  
  81  5:49  Extractor  
  80  5:50  Extractor  
  80  5:52  Queen  
  81  5:59  Roach x5  
  86  6:19  Drone x7  
  86  6:22  Zerg Melee Weapons Level 1  
  93  6:33  Drone x8  
  101  6:41  Overlord x2  
  101  6:43  Hatchery  
  101  6:44  Evolution Chamber  
  101  6:45  Baneling Nest  
  99  6:47  Infestation Pit  
  99  6:49  Roach x4  
  106  6:56  Overseer  
  106  7:02  Roach x8  
  122  7:12  Overlord x3  
  122  7:15  Hatchery  
  121  7:33  Zergling x16  
  121  7:34  Centrifugal Hooks  
  121  7:37  Hive  
  127  7:40  Spire, Drone x3  
  127  7:43  Hatchery  
  128  7:47  Overseer  
  128  7:51  Zergling x12  
  134  7:53  Baneling x15  
  134  7:54  Ravager x4  
  138  8:08  Zergling x12  
  144  8:23  Zergling x14  
  142  8:33  Zergling x8  
  143  8:38  Zergling x10  
  129  9:03  Drone x11  
  129  9:08  Overseer  
  129  9:09  Greater Spire  
  139  9:17  Queen  
  139  9:18  Queen  
  139  9:23  Drone x11  
  154  9:29  Extractor  
  154  9:30  Extractor  
  152  9:34  Zergling x10  
  157  9:39  Extractor  
  157  9:40  Extractor, Corruptor x8  
  157  9:44  Glial Reconstitution  
  157  9:45  Zerg Melee Weapons Level 2  
  171  9:49  Drone  
  171  9:51  Evolution Chamber  
  171  10:01  Zergling x20  
  171  10:03  Overlord x4  
  171  10:19  Drone  
  171  10:20  Drone x4  
  156  10:23  Hatchery  
  156  10:24  Brood Lord x6  
  156  10:27  Brood Lord  
  163  10:32  Brood Lord  
  165  10:37  Zergling x16  
  173  10:42  Adrenal Glands  
  173  10:44  Zerg Flyer Weapons Level 1  
  173  10:48  Zerg Ground Armor Level 1  
  173  10:53  Drone x9  
  182  11:02  Spore Crawler  
  181  11:05  Spine Crawler x2  
  181  11:08  Spine Crawler  
  181  11:09  Spore Crawler  
  177  11:11  Spine Crawler x2  
  175  11:22  Infestor x3  
  175  11:23  Infestor x3  
  175  11:33  Drone x7  
  175  11:34  Drone x8  
  183  11:43  Ultralisk Cavern  
  176  11:56  Zergling x36  
  190  12:08  Queen  
  192  12:18  Overlord x2  
  188  12:32  Extractor  
  188  12:35  Extractor  
  164  12:42  Zerg Ground Armor Level 2  
  164  12:43  Zerg Melee Weapons Level 3  
  164  12:44  Ultralisk x5  
  191  12:55  Chitinous Plating  
  190  13:10  Corruptor x7  
  198  13:41  Overlord x6  
  198  13:42  Zerg Flyer Weapons Level 2  
  198  13:43  Hatchery  
  198  13:46  Extractor  
  195  13:52  Overseer x2  
  195  13:53  Overseer x2  
  195  13:55  Overseer  
  195  14:06  Drone x3  
  195  14:07  Spine Crawler x2, Drone  
  197  14:14  Anabolic Synthesis  
  181  14:33  Ultralisk x3  
  183  14:50  Zergling x36  
  183  14:51  Zergling x2  
  183  14:52  Hatchery  
  194  15:02  Overlord x2  
  194  15:04  Lair  
  194  15:10  Queen  
  186  15:21  Ultralisk x2  
  186  15:24  Hatchery  
  186  15:26  Hatchery  
  165  15:40  Corruptor x3  
  165  15:41  Corruptor x4  
  173  15:48  Ultralisk  
  173  16:02  Infestor x3  
  141  16:47  Hatchery  
  141  16:48  Extractor  
Show
View Real Time Build Order
Export as new Build Order

achiewakie Protoss - Winner!

Build Orders: 1 Gate Expand, Oracle Opening, Archon Immortal, Archon Drop 

Get SALT Encoding   

  12  0:00  Probe  
  13  0:12  Probe  
  14  0:18  Pylon  
  14  0:24  Probe  
  15  0:32  Probe  
  15  0:38  Gateway  
  15  0:40  Probe  
  16  0:47  Assimilator  
  17  0:51  Probe  
  18  1:03  Probe  
  19  1:15  Probe  
  20  1:24  Nexus  
  20  1:35  Cybernetics Core  
  20  1:37  Probe  
  21  1:46  Assimilator  
  21  1:50  Probe  
  22  1:54  Pylon  
  22  2:02  Probe, Adept  
  26  2:15  Probe  
  26  2:18  Stargate  
  26  2:22  Adept  
  26  2:26  Warp Gate  
  26  2:27  Probe  
  27  2:32  Probe  
  30  2:40  Probe x2  
  31  2:50  Probe  
  32  2:52  Probe, Adept  
  36  3:03  Probe, Oracle  
  36  3:04  Probe  
  41  3:10  Pylon  
  41  3:15  Probe  
  41  3:18  Gateway  
  41  3:19  Probe  
  43  3:27  Probe  
  43  3:31  Probe  
  45  3:39  Probe  
  45  3:40  Assimilator  
  42  3:42  Assimilator  
  42  3:43  Probe  
  42  3:44  Robotics Facility  
  43  3:49  Twilight Council  
  43  3:51  Probe  
  44  3:55  Probe  
  44  4:00  Gateway  
  44  4:01  Gateway  
  45  4:03  Probe  
  45  4:08  Probe  
  47  4:15  Probe, Pylon  
  48  4:20  Probe  
  48  4:23  Warp Prism  
  49  4:25  Adept  
  49  4:26  Adept  
  49  4:27  Probe  
  54  4:38  Pylon, Templar Archives  
  56  4:49  Nexus  
  56  5:02  Probe x2  
  56  5:06  Forge  
  58  5:14  High Templar x4  
  58  5:18  Immortal  
  58  5:19  Archon x2  
  58  5:20  Protoss Ground Weapons Level 1  
  58  5:21  Charge  
  66  5:24  Pylon  
  70  5:29  Probe x2  
  68  5:41  Probe x2  
  70  5:52  Immortal  
  70  5:54  Probe x2  
  75  5:58  Zealot  
  75  6:02  Sentry  
  79  6:06  Probe x2  
  79  6:09  Probe  
  82  6:17  Assimilator  
  82  6:18  Probe x2  
  84  6:19  Assimilator  
  84  6:21  Probe  
  84  6:22  Gateway x2  
  84  6:23  Gateway  
  84  6:24  Gateway  
  85  6:27  Probe  
  85  6:30  Sentry x2, Probe x2, Shield Battery  
  91  6:35  Probe  
  91  6:38  Pylon  
  91  6:39  Pylon  
  93  6:49  Immortal  
  93  6:50  Pylon  
  93  6:56  Probe x3  
  93  6:59  Zealot x4  
  108  7:08  Probe x3  
  111  7:17  Pylon  
  111  7:20  Protoss Ground Weapons Level 2, Probe  
  112  7:26  Immortal, Nexus, Psionic Storm  
  112  7:29  Pylon  
  116  7:38  High Templar x2  
  116  7:39  High Templar  
  122  7:48  Zealot  
  122  7:49  Zealot x3  
  130  7:54  Zealot  
  132  7:58  Probe  
  132  8:02  Photon Cannon  
  132  8:04  Photon Cannon, Pylon  
  133  8:18  Pylon x2  
  133  8:19  Pylon  
  133  8:22  Probe, Immortal  
  124  8:31  High Templar x2  
  119  8:37  Probe x2  
  119  8:38  Probe  
  119  8:39  Probe  
  123  8:41  Zealot x6  
  131  9:07  Probe x3  
  122  9:11  High Templar x7  
  122  9:12  High Templar  
  122  9:15  Immortal  
  122  9:16  Archon x3  
  122  9:17  Archon  
  142  9:18  Probe  
  142  9:19  Probe, Assimilator x2  
  142  9:23  Shield Battery  
  144  9:25  Photon Cannon  
  144  9:26  Photon Cannon  
  144  9:38  Pylon  
  144  9:46  Gateway x2  
  144  9:48  Pylon  
  144  9:49  High Templar x4, Pylon  
  152  9:54  Archon x2  
  152  10:00  Zealot x4  
  159  10:17  Gateway  
  159  10:23  Pylon  
  159  10:24  Pylon  
  159  10:25  Nexus  
  159  10:30  Immortal  
  159  10:31  Stargate  
  159  10:34  Fleet Beacon, Stalker x3, Protoss Air Weapons Level 1  
  168  10:42  Gateway  
  168  10:43  Gateway  
  168  10:46  Gateway  
  168  10:47  High Templar x2  
  168  10:48  Protoss Ground Weapons Level 3  
  168  10:49  Gateway  
  172  10:52  Photon Cannon  
  172  10:53  Photon Cannon, High Templar  
  172  10:54  Zealot x4  
  172  10:55  Shield Battery  
  182  11:00  Photon Cannon  
  182  11:13  Stargate  
  182  11:17  Robotics Facility  
  182  11:21  Tempest  
  166  11:36  Zealot x10  
  178  11:41  Blink  
  178  11:42  Tempest  
  174  12:00  Mothership  
  180  12:03  Tempest  
  180  12:05  Zealot x10  
  176  12:19  Protoss Air Weapons Level 2  
  176  12:22  High Templar x2  
  180  12:23  Zealot x3  
  180  12:25  Zealot x7  
  190  12:43  Observer x2  
  192  12:47  Nexus  
  182  12:52  Tempest, Oracle  
  185  13:25  Immortal x2  
  191  13:31  Pylon  
  191  13:33  Shield Battery  
  173  13:35  Photon Cannon  
  173  13:36  Photon Cannon  
  173  13:38  Photon Cannon x2  
  173  13:39  Photon Cannon  
  173  13:41  Photon Cannon  
  173  13:43  Photon Cannon  
  173  13:45  Photon Cannon  
  173  13:48  Pylon  
  173  13:50  Tempest x2  
  173  13:51  Tempest  
  185  13:56  Protoss Shields Level 1  
  185  14:06  Zealot x7  
  185  14:09  Dark Shrine  
  177  14:42  Zealot  
  177  14:43  Zealot x8  
  193  14:56  Assimilator  
  193  14:57  Assimilator  
  190  15:01  Oracle  
  190  15:03  Immortal  
  179  15:22  Pylon  
  179  15:23  Nexus  
  131  15:43  High Templar  
  131  15:44  High Templar x5, Zealot x7  
  131  15:45  Zealot x2  
  159  16:06  Archon x3  
  159  16:09  Unknown  
  159  16:28  Photon Cannon x2  
  159  16:29  Photon Cannon  
  159  16:30  Photon Cannon  
  167  16:45  High Templar x5  
  177  16:47  Zealot x2  
  177  16:48  Zealot x5  
Tags
 
Add a new tag
Caveats
  • Supply blocks, unpowered buildings, or Contaminate may cause inaccurate times.
  • Supply counts are checked every 10 seconds.